 Dungeon Crawl Stone Soup version 0.13.0-19-g8e0b589 (webtiles) character file.

17429 Kejsarherre the Shatterer (level 12, -9/111 HPs)
             Began as an Ogre Hunter on Oct 25, 2013.
             Was a Priest of the Shining One.
             Mangled by a blink frog (20 damage)
             ... on Level 1 of the Lair of Beasts.
             The game lasted 00:49:59 (14006 turns).

Kejsarherre the Shatterer (Ogre Hunter)            Turns: 14006, Time: 00:50:00

HP  -9/111       AC  8     Str 24      XL: 12   Next: 40%
MP  11/11        EV 10     Int 10      God: the Shining One [***...]
Gold 672         SH  0     Dex 10      Spells:  1 memorised,  9 levels left

Res.Fire  : . . .   See Invis. : .   v - +1 giant spiked club
Res.Cold  : + . .   Warding    : +   c - +2 robe {rC+}
Life Prot.: + + .   Conserve   : .   (shield restricted)
Res.Poison: +       Res.Corr.  : .   (helmet restricted)
Res.Elec. : .       Clarity    : .   y - +2 cloak {darkness}
Sust.Abil.: . .     Spirit.Shd : .   (gloves unavailable)
Res.Mut.  : .       Stasis     : .   (boots unavailable)
Res.Rott. : .       Flight     : .   r - cursed amulet of warding
Saprovore : + . .                    (no ring)
                                     k - ring of poison resistance

@: about to teleport, glowing, somewhat resistant to hostile enchantments, very
unstealthy
A: unfitting armour, berserk 1, fast metabolism 1, poison resistance, saprovore
1, spit poison 1, tough skin 1
a: Spit Poison, Divine Shield, Renounce Religion, Evoke Invisibility


You were on level 1 of the Lair of Beasts.
You worshipped the Shining One. the Shining One was most pleased with you.
You were hungry.

You visited 3 branches of the dungeon, and saw 14 of its levels.

You collected 652 gold pieces.

Inventory:

Hand weapons
 b - a +0,+0 giant club
 v - a +1,+1 giant spiked club (weapon)
Armour
 a - a +0 troll hide
 c - a +2 robe of cold resistance (worn)
 y - a +2 cloak of darkness (worn)
Magical devices
 q - a wand of cold (0)
 s - a wand of cold (0)
 w - a wand of polymorph (3)
 I - a wand of fireball (0)
Comestibles
 f - 6 meat rations
 t - a cheese
 x - 2 bread rations
 E - a choko
 L - 10 oranges
Scrolls
 g - 4 scrolls of remove curse
 h - 2 scrolls of silence
 p - 3 scrolls of fog
 B - 2 scrolls of recharging
 F - a scroll of amnesia
Jewellery
 k - a ring of poison resistance (left hand)
 r - a cursed amulet of warding (around neck)
 J - a +5 ring of protection {unknown}
Potions
 l - a potion of flight {unknown}
 n - a potion of brilliance {unknown}
 u - 2 potions of paralysis {unknown}
 z - 2 potions of restore abilities {unknown}
 D - a potion of speed
 H - a potion of agility {unknown}
Books
 m - a book of Control

   Spells                             Type                      Level
   Control Teleport                   Charms/Translocation         4
   Control Undead                     Necromancy                   4
   Enslavement                        Hexes                        4
   Mass Confusion                     Hexes                        6
   Metabolic Englaciation             Hexes/Ice                    6
 o - a book of War Chants

   Spells                             Type                      Level
   Fire Brand                         Charms/Fire                  2
   Freezing Aura                      Charms/Ice                   2
   Shroud of Golubria                 Charms/Translocation         2
   *Repel Missiles                    Charms/Air                   2
   Poison Weapon                      Charms/Poison                3
   Regeneration                       Charms/Necromancy            3
 C - a book of the Warp

   Spells                             Type                      Level
   Recall                             Summoning/Translocation      3
   Control Teleport                   Charms/Translocation         4
   Phase Shift                        Translocation                5
   Warp Weapon                        Charms/Translocation         5
   Dispersal                          Translocation                6
   Controlled Blink                   Translocation                7
   Disjunction                        Translocation                8
 K - a book of Cantrips

   Spells                             Type                      Level
   Confusing Touch                    Hexes                        1
   Animate Skeleton                   Necromancy                   1
   Summon Small Mammal                Summoning                    1
   Apportation                        Translocation                1
Miscellaneous
 A - a fan of gales


   Skills:
 + Level 6.2 Fighting
 - Level 22.2 Maces & Flails
 - Level 4.3 Throwing
 - Level 1.7 Dodging
 - Level 0.7 Stealth


You had 9 spell levels left.
You knew the following spells:

 Your Spells              Type           Power        Failure   Level  Hunger
a - Repel Missiles        Chrm/Air       #.........   61%         2    ###....


Dungeon Overview and Level Annotations

Branches:
Dungeon (12/27) Temple (1/1) D:6 Orc (0/4) D:7 D:8 Lair (1/8) D:10

Altars:
Ashenzari
Cheibriados
Elyvilon
Kikubaaqudgha
Makhleb
Nemelex Xobeh
Sif Muna
Trog
Vehumet
Xom
Zin
the Shining One

Shops:
D:12 =

Annotations:
D:8 9 exclusions


Innate Abilities, Weirdness & Mutations

You are too large for most types of armour.
You have a fast metabolism.
You can tolerate rotten meat.
You have tough skin (AC +1).
You tend to lose your temper in combat.
Your system is resistant to poisons.
You can spit poison.


Message History

You feel better.
Your surroundings suddenly seem different.
Read which item? (? for menu, Esc to quit)
As you read the scroll of teleportation, it crumbles to dust.
You feel strangely unstable. The blink frog closely misses you.
The blink frog hits you.
* * * LOW HITPOINT WARNING * * *
The blink frog blinks!
You thump the blink frog!
The blink frog is heavily wounded.
The blink frog hits you!
* * * LOW HITPOINT WARNING * * *
Drink which item? (? for menu, Esc to quit)
You don't have any such object.
Drink which item? (? for menu, Esc to quit)
You can't drink that!
Unknown command.
Drink which item? (? for menu, Esc to quit)
You feel better. The blink frog hits you!
You die...

#.....%...# ##......(..#
#..........## ##..........#
######## #.(.......#####
#..##.P###########.........###.##
...F.........(..(................
...........................(.....
...F....FF...ยง>F@.F..............
########.######.##......%..######
### ####.........# #.........#
#......%..# #.........#
#.........# #%%.......#
#%%.......#


You could see 4 blink frogs.

Vanquished Creatures
  Josephine (D:10)
  A hydra (Lair:1)
  Nergalle (D:12)
  An ice statue (D:11)
  2 unseen horrors
  2 hill giants (D:10)
  2 spiny frogs (Lair:1)
  A hydra zombie (D:10)
  A troll (D:11)
  A polar bear (D:10)
  A blink frog (Lair:1)
  2 grizzly bears (D:12)
  A wyvern (D:9)
  A basilisk (D:11)
  2 sharks
  A hungry ghost (D:7)
  A shadow (D:12)
  9 yaks
  A water elemental (D:11)
  A vampire mosquito (D:12)
  2 hippogriffs
  3 hill giant skeletons
  A wolf (D:11)
  3 porcupines (Lair:1)
  4 black bears (D:12)
  5 orc warriors
  5 ice beasts
  3 sky beasts
  A giant goldfish (D:11)
  3 phantoms
  2 yellow wasps
  2 ogres (D:4)
  13 centaurs
  2 crocodiles
  Sigmund (D:2)
  A manticore zombie (D:10)
  A big kobold (D:10)
  2 water moccasins (Lair:1)
  8 giant frogs
  6 killer bees
  An eye of draining (D:10)
  2 cyclops skeletons (D:11)
  A jellyfish (D:9)
  A troll zombie (D:10)
  A hippogriff skeleton (D:10)
  5 wights (D:4)
  A goliath beetle (D:9)
  8 crimson imps
  A centaur zombie (D:5)
  7 orc priests
  A big fish (D:11)
  Crazy Yiuf (D:6)
  5 iguanas
  2 scorpions (D:6)
  2 giant frog zombies
  6 hounds
  A jelly (D:6)
  A quasit (D:11)
  A black bear skeleton (D:8)
  6 orc wizards
  A gnoll shaman (D:5)
  A shapeshifter simulacrum (D:11)
  5 worker ants
  A centaur simulacrum (D:11)
  6 sheep (Lair:1)
  A spectral orc (D:12)
  Ijyb (D:6)
  Jessica (D:2)
  A sky beast zombie (D:11)
  A hound skeleton (D:11)
  A mummy (D:9)
  A worker ant zombie (D:10)
  14 adders
  A giant centipede (D:11)
  15 gnolls
  A worm zombie (D:8)
  2 giant mites
  A worker ant simulacrum (D:11)
  An inept item mimic (D:3)
  4 worms
  3 giant eyeballs
  An ooze (D:3)
  37 orcs
  2 ball pythons
  7 giant cockroaches
  13 hobgoblins
  23 jackals
  6 quokkas
  13 bats
  4 giant geckos
  A giant gecko zombie (D:6)
  7 giant newts
  A giant spore (D:6)
  6 goblins
  A hobgoblin skeleton (D:6)
  A hobgoblin zombie (D:8)
  A jackal skeleton (D:5)
  10 kobolds
  18 rats
  2 rat skeletons
  A ballistomycete (D:6)
373 creatures vanquished.

Vanquished Creatures (others)
  A rat (D:8)
  4 plants (D:8)
5 creatures vanquished.

Grand Total: 378 creatures vanquished

Notes
Turn   | Place    | Note
--------------------------------------------------------------
     0 | D:1      | Kejsarherre, the Ogre Hunter, began the quest for the Orb.
     0 | D:1      | Reached XP level 1. HP: 20/20 MP: 0/0
   180 | D:1      | Reached XP level 2. HP: 19/28 MP: 1/1
   766 | D:2      | Reached XP level 3. HP: 30/35 MP: 2/2
   916 | D:2      | Learned a level 2 spell: Repel Missiles
   942 | D:2      | Noticed Sigmund
   945 | D:2      | Killed Sigmund
   945 | D:2      | Reached skill level 6 in Maces & Flails
   945 | D:2      | Reached XP level 4. HP: 17/44 MP: 3/3
   945 | D:2      | Reached XP level 5. HP: 19/50 MP: 4/4
  1214 | D:2      | Noticed Jessica
  1218 | D:2      | Killed Jessica
  1321 | D:3      | Reached skill level 7 in Maces & Flails
  1365 | D:3      | Reached XP level 6. HP: 58/58 MP: 5/5
  1483 | D:3      | Found a sparkling altar of Nemelex Xobeh.
  1612 | D:3      | Reached skill level 8 in Maces & Flails
  1878 | D:4      | Reached skill level 9 in Maces & Flails
  2058 | D:4      | Reached XP level 7. HP: 46/66 MP: 6/6
  2205 | D:5      | Entered Level 5 of the Dungeon
  2238 | D:5      | Reached skill level 10 in Maces & Flails
  2277 | D:5      | HP: 1/66 [gnoll/flail (10)]
  2541 | D:5      | Reached skill level 11 in Maces & Flails
  2675 | D:5      | Reached XP level 8. HP: 74/74 MP: 7/7
  2685 | D:5      | Gained mutation: You tend to lose your temper in combat. [mutagenic meat]
  2686 | D:5      | Gained mutation: You can spit poison. [mutagenic meat]
  2687 | D:5      | Gained mutation: Your system is resistant to poisons. [mutagenic meat]
  2973 | D:5      | Reached skill level 12 in Maces & Flails
  3424 | D:6      | Noticed Crazy Yiuf
  3429 | D:6      | Killed Crazy Yiuf
  3641 | D:6      | Noticed Ijyb
  3646 | D:6      | Killed Ijyb
  3692 | D:6      | Reached skill level 13 in Maces & Flails
  3904 | D:6      | Found a staircase to the Ecumenical Temple.
  3914 | Temple   | Entered the Ecumenical Temple
  3926 | Temple   | Became a worshipper of the Shining One
  4021 | D:4      | Reached XP level 9. HP: 58/80 MP: 8/8
  4045 | D:4      | Reached skill level 14 in Maces & Flails
  4985 | D:4      | Reached skill level 15 in Maces & Flails
  5366 | D:6      | Found a white marble altar of Elyvilon.
  5750 | D:7      | Found a staircase to the Orcish Mines.
  6215 | D:7      | Reached skill level 16 in Maces & Flails
  6332 | D:7      | Noticed a moth of wrath
  6335 | D:7      | Found a bloodstained altar of Trog.
  6413 | D:7      | Paralysed by you for 4 turns
  6659 | D:8      | Found a staircase to the Orcish Mines.
  6683 | D:8      | HP: 2/80 [electric eel/bolt of electricity (6)]
  7153 | D:8      | Paralysed by a giant eyeball for 3 turns
  7654 | D:9      | Reached XP level 10. HP: 74/89 MP: 9/9
  7783 | D:9      | Reached skill level 17 in Maces & Flails
  7926 | D:9      | Acquired the Shining One's first power
  8549 | D:10     | Entered Level 10 of the Dungeon
  8573 | D:10     | Found a staircase to the Lair.
  8662 | D:10     | Noticed a hill giant
  8737 | D:10     | Noticed Josephine
  8746 | D:10     | Killed Josephine
  8746 | D:10     | Reached skill level 18 in Maces & Flails
  8764 | D:10     | HP: 3/89 [five-headed hydra zombie[Josephine] (10)]
  9709 | D:10     | Killed a hill giant
  9709 | D:10     | Reached skill level 19 in Maces & Flails
  9771 | D:10     | Noticed a hill giant
  9776 | D:10     | Killed a hill giant
  9776 | D:10     | Reached XP level 11. HP: 96/96 MP: 10/10
 10100 | D:11     | Acquired the Shining One's second power
 10205 | D:11     | Reached skill level 20 in Maces & Flails
 10268 | D:11     | Paralysed by a giant eyeball for 3 turns
 10293 | D:11     | Found a frozen archway.
 10293 | D:11     | Noticed an ice statue
 10464 | D:11     | Killed an ice statue
 11102 | D:11     | Paralysed by a giant eyeball for 3 turns
 11117 | D:11     | Noticed an unseen horror
 11143 | D:11     | Killed an unseen horror
 11696 | D:12     | Reached skill level 21 in Maces & Flails
 12280 | D:12     | Noticed an unseen horror
 12281 | D:12     | Noticed Nergalle
 12286 | D:12     | Killed an unseen horror
 12484 | D:12     | Killed Nergalle
 12484 | D:12     | Reached XP level 12. HP: 81/104 MP: 11/11
 12573 | D:12     | Found Tal Le Cixeh's Jewellery Boutique.
 12813 | Lair:1   | Entered Level 1 of the Lair of Beasts
 12869 | Lair:1   | Reached skill level 22 in Maces & Flails
 13282 | Lair:1   | Noticed a four-headed hydra
 13522 | Lair:1   | Killed a four-headed hydra
 13688 | Lair:1   | Reached skill level 5 in Fighting
 14000 | Lair:1   | HP: 2/111 [blink frog (13)]
 14005 | Lair:1   | HP: 5/111 [blink frog (11)]
 14006 | Lair:1   | Mangled by a blink frog

Action                   |  1- 3 |  4- 6 |  7- 9 | 10-12 || total
-------------------------+-------+-------+-------+-------++-------
Melee: Club              |    87 |   117 |       |       ||   204
       Flail             |       |     3 |   146 |       ||   149
       Giant club        |       |       |   175 |   146 ||   321
       Unarmed           |       |       |     2 |       ||     2
       Giant spiked club |       |       |       |   300 ||   300
Throw: Large rock        |    14 |    42 |    82 |    33 ||   171
       Throwing net      |       |     2 |     3 |       ||     5
 Abil: Spit Poison       |       |       |     4 |       ||     4
       Evoke Invisibilit |       |       |       |     1 ||     1
Evoke: Wand              |       |       |     4 |    30 ||    34
  Use: Scroll            |       |     4 |     5 |    18 ||    27
       Potion            |       |       |     3 |     4 ||     7
 Stab: Held in net/web   |       |     2 |       |       ||     2
       Sleeping          |       |       |     1 |       ||     1
       Fleeing           |       |       |       |     1 ||     1
